 Dungeon Crawl Stone Soup version 0.26-a0-651-gb41185065b (webtiles) character file.

Game seed: 4914500838833967567

11 Irenicus the Scratcher (level 2, 0/14 HPs)
             Began as a Felid Chaos Knight on Oct 3, 2020.
             Was a Plaything of Xom.
             Succumbed to an adder's poison
             ... on level 2 of the Dungeon.
             The game lasted 00:01:12 (81 turns).

Irenicus the Scratcher (Felid Chaos Knight)           Turns: 81, Time: 00:01:13

Health: 0/14       AC:  1    Str:  8    XL:     2   Next: 17%
Magic:  3/3        EV: 18    Int: 13    God:    Xom [..*...]
Gold:   9          SH:  0    Dex: 15    Spells: 1/1 levels left
                                        Lives:  0   Deaths: 0

rFire    . . .     SeeInvis +     - Unarmed
rCold    . . .     Faith    .   (shield unavailable)
rNeg     . . .     Spirit   .   (armour unavailable)
rPois    .         Reflect  .   (helmet unavailable)
rElec    .         Harm     .   (cloak unavailable)
rCorr    .         Rampage  .   (gloves unavailable)
MR       .....                  (boots unavailable)
Stlth    ++........             (no amulet)
HPRegen  0.04/turn              (no ring)
MPRegen  0.08/turn              (no ring)

@: brilliant, lethally poisoned (0 -> -8), quick
A: very small, no armour, no weapons or thrown items, stealth, claws 1, fangs 3,
see invisible, speed 1, shaggy fur 1, sharp paws
a: Renounce Religion


You were on level 2 of the Dungeon.
You worshipped Xom.
You were a toy of Xom.
You visited 1 branch of the dungeon, and saw 2 of its levels.

You collected 9 gold pieces.

You aren't carrying anything.


   Skills:
 - Level 3.0 Fighting
 - Level 3.2 Dodging
 + Level 3.7 Unarmed Combat


You had one spell level left.
You didn't know any spells.
Your spell library was empty.

Dungeon Overview and Level Annotations

Branches:
Dungeon (1/15)

Altars:


Innate Abilities, Weirdness & Mutations

You cannot wear armour.
You are incapable of wielding weapons or throwing items.
Your paws allow you to move quietly. (Stealth)
You have sharp claws.
You have razor-sharp teeth.
You have supernaturally acute eyesight. (SInv)
You cover ground quickly.
You are covered in fur. (AC +1)
Your sharp claws are effective at attacking unaware monsters.


Message History

Welcome, Irenicus the Felid Chaos Knight.
Will you be the one to retrieve the fabulous Orb of Zot from the depths?
Xom says: A new plaything!
Press ? for a list of commands and other information.
Found a staircase leading out of the dungeon.
There is a shaft here.
You now have 9 gold pieces.
You see here 24 arrows.
a - a lumpy ruby potion You see here 24 arrows.
There is a shaft here.
You fall into a shaft and drop 1 floor!
The shaft crumbles and collapses.
Xom is amused.
A dart slug comes into view.
An adder comes into view.
The dart slug barely misses you.
You scratch the dart slug. You bite the dart slug.
The dart slug is heavily wounded.
You scratch the dart slug but do no damage.
The dart slug is heavily wounded.
The dart slug closely misses you.
You scratch the dart slug.
You kill the dart slug!
The adder hisses angrily.
Xom smiles on you.
You feel clever all of a sudden.
Okay, then.
You closely miss the adder. The adder closely misses you.
You closely miss the adder. The adder closely misses you.
You scratch the adder but do no damage. The adder closely misses you.
You miss the adder. You bite the adder.
The adder is lightly wounded.
The adder completely misses you. The adder closely misses you.
You scratch the adder.
The adder is moderately wounded.
The adder barely misses you.
You barely miss the adder.
The adder is moderately wounded.
The adder bites you.
You are lethally poisoned!
The adder poisons you!
You take 3 damage, and have 7/10 hp.
MASSIVE DAMAGE!!
You completely miss the adder.
The adder is lightly wounded.
You feel sick. The adder barely misses you.
You take 1 damage, and have 6/10 hp.
It was a potion of ambrosia.
You are confused.
You feel invigorated. The adder closely misses you. The adder bites you.
You take 1 damage, and have 5/10 hp.
You feel sick.
You regained 3 hp, and now have 9/10 hp.
Health restored: 10 You feel sick.
Found a stone staircase leading down.
You take 1 damage, and have 9/10 hp.
You scratch the adder.
The adder is severely wounded.
The adder bites you.
Health restored: 10 You're too confused to move!
The adder barely misses you. x2
You feel sick. The adder closely misses you.
You take 1 damage, and have 9/10 hp.
A goblin comes into view. It is wielding a +0 dagger.
Health restored: 10 You're too confused to move!
You feel less invigorated.
You feel less confused. The adder bites you.
You are lethally poisoned!
The adder poisons you!
You take 3 damage, and have 7/10 hp.
MASSIVE DAMAGE!!
You feel sick.
You take 1 damage, and have 6/10 hp.
A leopard gecko comes into view.
You miss the adder.
The adder is severely wounded.
You feel sick. The adder bites you.
Ouch! That really hurt!
* * * LOW HITPOINT WARNING * * *
You take 6 damage, and have 1/10 hp.
MASSIVE DAMAGE!!
You scratch the adder.
You kill the adder!
You have reached level 2!
MP restored: 3 You see here an adder corpse.
You aren't carrying any potions.
You die...
Xom cackles wildly!

######
.###...g#
.........
#...>.######
#...[....l#
#....#
#...†#
###.@##
##..##
##..##
##..##
##..## ##..#
##.# #.#
#.##


You could see a goblin (asleep).

Vanquished Creatures
  An adder (D:2)
  A dart slug (D:2)
2 creatures vanquished.

Notes
Turn   | Place    | Note
-------+----------+-------------------------------------------
     0 | D:1      | Irenicus the Felid Chaos Knight began the quest for the
                  | Orb.
     0 | D:1      | Reached XP level 1. HP: 10/10 MP: 2/2
    43 | D:1      | You fall into a shaft and drop 1 floor!
    54 | D:2      | XOM: potion effect (brilliance)
    78 | D:2      | HP: 1/10 [adder (5)]
    79 | D:2      | Reached XP level 2. HP: 1/14 MP: 3/3
    81 | D:2      | Succumbed to an adder's poison

Illustrated notes

Levels and vault maps discovered:
D:1:      matt_arrival_spirals, layout_basic, nrook_mini_vaults,
          minmay_heptomino_w4
D:2:      layout_rooms, st_stairs_3

Action                   || total
-------------------------++-------
Melee: Unarmed           ||    13
       Bite              ||     2
  Use: Potion            ||     1
Dodge: Dodged            ||    13

Table legend: (Time is in decaauts)
 A = Elapsed time spent in this place.
 B = Non-inter-level travel time spent in this place.
 C = Inter-level travel time spent in this place.
 D = Time resting spent in this place.
 E = Time spent auto-exploring this place.
 F = Levels seen in this place.
 G = Mean time per level.
                   A        B        C        D        E       F      G
               +--------+--------+--------+--------+--------+-----+--------+
         Total |     67 |     67 |      0 |      0 |      0 |   2 |   33.5 |
       Dungeon |     67 |     67 |      0 |      0 |      0 |   2 |   33.5 |
               +--------+--------+--------+--------+--------+-----+--------+

Top non-repeatable levels by time:
     D:1: 34 daAuts
     D:2: 33 daAuts

Table legend:
 A = Kills in this place as a percentage of kills in entire the game.
 B = Kills by you in this place as a percentage of kills by you in the entire game.
 C = Kills by friends in this place as a percentage of kills by friends in the entire game.
 D = Other kills in this place as a percentage of other kills in the entire game.
 E = Experience gained in this place as a percentage of experience gained in the entire game.
 F = Experience gained in this place divided by the number of levels of this place that you have seen.
                   A       B       C       D       E      F
               +-------+-------+-------+-------+-------+----------------------
         Total | 100.0 | 100.0 |   N/A |   N/A | 100.0 |   8.5
       Dungeon | 100.0 | 100.0 |   N/A |   N/A | 100.0 |   8.5
               +-------+-------+-------+-------+-------+----------------------
